 Dungeon Crawl Stone Soup version 0.29-a0-334-gb41bcbb86e (webtiles) character file.

Game seed: 6234840609692860315

130 zeratav the Insei (level 5, -6/34 HPs)
             Began as an Octopode Transmuter on Apr 14, 2022.
             Mangled by a gnoll
             ... wielding a +0 flail
              (14 damage)
             ... on level 3 of the Dungeon.
             The game lasted 00:03:53 (3920 turns).

zeratav the Insei (Octopode Transmuter)             Turns: 3920, Time: 00:03:53

Health: -6/34      AC:  1    Str:  9    XL:     5   Next: 13%
Magic:  6/8        EV: 14    Int: 15    God:
Gold:   142        SH:  0    Dex: 15    Spells: 4/8 levels left

rFire   . . .      SeeInvis .     - Unarmed
rCold   . . .      Faith    .   (no shield)
rNeg    . . .      Spirit   .   (helmet restricted)
rPois   .          Reflect  .   (no amulet)
rElec   .          Harm     .   (no ring)
rCorr   .          Rampage  .   (no ring)
Will    .....                   (no ring)
Stlth   +++.......              (no ring)
HPRegen 0.11/turn               (no ring)
MPRegen 0.11/turn               (no ring)
                                (no ring)
                                (no ring)

@: no status effects
A: almost no armour, amphibious, 8 rings, camouflage 1, gelatinous body 1,
(nimble swimmer 1), tentacles
a: no special abilities


You were on level 3 of the Dungeon.
You visited 1 branch of the dungeon, and saw 4 of its levels.

You collected 142 gold pieces.


Innate Abilities, Weirdness & Mutations

You cannot wear most types of armour.
You are amphibious.
You can wear up to eight rings at the same time.
Your skin changes colour to match your surroundings (Stealth+).
Your rubbery body absorbs attacks. (AC +1, EV +1)
((You are camouflaged when in or above water. (Stealth+)))
You have tentacles for arms and can constrict up to eight enemies at once.


   Skills:
 + Level 2.1 Fighting
 + Level 2.8 Dodging
 + Level 2.9 Stealth
 * Level 4.2 Unarmed Combat
 - Level 2.0 Spellcasting
 - Level 2.0 Transmutations


You had 4 spell levels left.
You knew the following spells:

 Your Spells              Type           Power      Damage    Failure   Level
a - Beastly Appendage     Tmut           14%        N/A       10%         1
b - Spider Form           Tmut/Pois      4%         N/A       41%         3

Your spell library contained the following spells:

 Spells                   Type           Power      Damage    Failure   Level
 Wereblood                Tmut           7%         N/A       14%         2
 Ice Form                 Ice/Tmut       4%         N/A       82%         4

Inventory:

Wands
 j - a wand of mindburst (6)
   (You found it on level 3 of the Dungeon)
Scrolls
 c - 2 scrolls of enchant armour {unknown}
 e - 2 scrolls of identify {unknown}
 f - a scroll of holy word {unknown}
 g - a scroll of magic mapping {unknown}
Potions
 a - a potion of lignification {!q}
 b - a potion of flight {unknown}
 d - a potion of heal wounds {unknown}
 h - 2 potions of cancellation {unknown}
 i - a potion of attraction {unknown}

Dungeon Overview and Level Annotations

Branches:
Dungeon (4/15)
 Temple: D:4-7

Altars:
Yredelemnul

#....)#.#...#.....#####
#...#...)...#.##.......
#......................
#..#.#..#........######
#######.....##..#.###......(
##...###...).##.##......##...
##.....##..........[........##
#.......#...g.g.....####....##
#.........)..@..............#.
#.........#.........##......#.
##......###............#..#.#.
##.....###...........#......#8
#.......##.#.#.......####.#.##
#.......##.#.#.......####.#...
#.......##.#.#................
##.....#...#..........###.....
##...#..####.....>...# #..###


You could see a gnoll shaman and a gnoll (fast).


Message History

Your transformation is almost over.
The goblin barely misses you.
You barely miss the goblin. Your grab misses the goblin.
Your tentacle spike misses the goblin.
Your squeeze misses the goblin.
The goblin hits you with a +1 dagger of venom.
You are poisoned.
HP[-1]
You take 1 damage, and now have 33/34 hp.
You tentacle-slap the goblin. You grab the goblin.
You pierce the goblin.
You kill the goblin!
You feel sick.
HP[-2]
You take 2 damage, and now have 31/34 hp.
No target in view!
No target in view!
No target in view!
No target in view!
No target in view!
No target in view!
No target in view!
No target in view!
No target in view!
No target in view!
No target in view!
No target in view!
No target in view!
You feel sick.
You feel sick.
You feel sick.
You feel sick.
You feel sick.
You feel sick.
You are no longer poisoned.
Your tentacle spike disappears.
Things that are here:
a +1 dagger of venom {short}; a goblin corpse HP[+3] MP[+1]
Your hp is fully restored (34).
Your mp is fully restored (8).
Okay, then.
Found an escape hatch in the floor.
Done exploring.
Done exploring.
(D) Dungeon
Where to? (Enter - D:3, ? - help)
There is a stone staircase leading down here.
You climb downwards.
The gnoll shouts! x3
There is a stone staircase leading up here.
There are monsters nearby!
Casting: Beastly Appendage (safe; 10% risk of failure)
Confirm with . or Enter, or press ? or * to list all spells.
Okay, then.
You climb upwards.
There is a stone staircase leading down here.
Casting: Beastly Appendage (safe; 10% risk of failure)
Confirm with . or Enter, or press ? or * to list all spells.
The spell is quite dangerous to miscast (41% risk of failure)!
Continue anyway?
You turn into a venomous arachnid creature.
MP[-3]
You lost 3 mp, and now have 5/8 mp.
Your transformation is almost over.
You climb downwards.
There is a stone staircase leading up here.
The gnoll hits you from afar with a +0 spear.
HP[-4]
You take 4 damage, and now have 30/34 hp.
The gnoll barely misses you. The gnoll closely misses you.
The gnoll barely misses you.
You climb upwards.
There is a stone staircase leading down here.
You hit the gnoll shaman but do no damage.
The gnoll shaman hits you with a +0 club!
The gnoll misses you.
HP[-10]
You take 10 damage, and now have 20/34 hp.
MASSIVE DAMAGE!! (PAUSE)
You hit the gnoll shaman but do no damage.
The gnoll shaman misses you. The gnoll closely misses you.
MP[+1]
You barely miss the gnoll shaman.
The gnoll shaman hits you with a +0 club!
* * * LOW HITPOINT WARNING * * *
The gnoll closely misses you.
HP[-8]
You take 8 damage, and now have 12/34 hp.
MASSIVE DAMAGE!! (PAUSE)
You hit the gnoll shaman. The gnoll shaman closely misses you.
The gnoll hits you with a +0 flail.
* * * LOW HITPOINT WARNING * * *
HP[-4]
You take 4 damage, and now have 8/34 hp.
You barely miss the gnoll shaman.
Your transformation has ended.
The gnoll shaman calls upon its god to speed up the gnoll.
The gnoll seems to speed up.
The gnoll barely misses you.
You tentacle-slap the gnoll shaman but do no damage.
You grab the gnoll shaman. You constrict the gnoll shaman.
The gnoll hits you with a +0 flail!
You die...

Skill      XL: |  1  2  3  4 |
---------------+-------------+-----
Stealth        | 1 2 |  2.9
Unarmed Combat | 4 |  4.2
Fighting       | 2 |  2.1
Dodging        | |  2.8
Spellcasting   | |  2.0
Transmutations | |  2.0

Action                   |  1- 3 |  4- 6 || total
-------------------------+-------+-------++-------
Melee: Unarmed           |    58 |    79 ||   137
       Kick              |    20 |    13 ||    33
       Constrict         |    18 |    21 ||    39
       Tentacles         |    12 |    11 ||    23
       Punch             |     3 |     1 ||     4
 Cast: Beastly Appendage |    26 |    19 ||    45
       Spider Form       |       |     2 ||     2
 Stab: Sleeping          |     6 |     4 ||    10
Armor: Skin              |     1 |     7 ||     8
Dodge: Dodged            |    23 |    50 ||    73

Levels and vault maps discovered:
D:1:      lightli_arrival_isolated_outpost, layout_basic
D:2:      layout_basic, ebering_ecumenical_altar_box
D:3:      layout_rooms, mainiacjoe_overflow_alcove_2, due_unseen_surprise
D:4:      layout_rooms, nicolae_uskayaw_en_pointe, dk_rats_in_the_wall,
          uniq_sigmund

Notes
Turn   | Place    | Note
-------+----------+-------------------------------------------
     0 | D:1      | zeratav the Octopode Transmuter began the quest for the
                  | Orb.
     0 | D:1      | Reached XP level 1. HP: 13/13 MP: 3/3
     0 | D:1      | magus.rc [v1.9.6]
   417 | D:1      | Reached XP level 2. HP: 18/18 MP: 3/5
   704 | D:1      | Reached skill level 1 in Stealth
  1296 | D:2      | Reached XP level 3. HP: 14/23 MP: 4/6
  2152 | D:2      | Reached skill level 2 in Stealth
  2272 | D:2      | Reached XP level 4. HP: 25/29 MP: 5/7
  2480 | D:2      | Learned a level 3 spell: Spider Form
  2546 | D:2      | Reached skill level 4 in Unarmed Combat
  3068 | D:2      | Reached skill level 2 in Fighting
  3076 | D:2      | Found a faded altar of an unknown god.
  3231 | D:3      | Found a basalt altar of Yredelemnul.
  3290 | D:3      | Reached XP level 5. HP: 25/34 MP: 4/8
  3918 | D:3      | HP: 8/34 [gnoll/+0 flail (5)]
  3920 | D:3      | Mangled by a gnoll

Vanquished Creatures
  3 gnolls (D:2)
  2 adders (D:2)
  3 worms (D:2)
  5 orcs
  8 endoplasms
  6 giant cockroaches
  6 goblins
  2 hobgoblins
  3 jackals (D:2)
  11 kobolds
  A quokka (D:2)
  4 ball pythons
  2 bats
  3 frilled lizards
  8 rats
67 creatures vanquished.

Table legend:
 A = Non-vault XP
 B = Vault XP
 C = Vault XP percentage of total XP
 D = Non-vault monster count
 E = Vault monster count
 F = Vault count percentage of total count
                 A         B        C        D         E       F
            +---------+---------+-------+---------+---------+-------
      Total |     186 |       0 |   0.0 |      67 |       0 |   0.0
            +---------+---------+-------+---------+---------+-------
        D:1 |      22 |       0 |   0.0 |      14 |       0 |   0.0
        D:2 |     123 |       0 |   0.0 |      31 |       0 |   0.0
        D:3 |      41 |       0 |   0.0 |      22 |       0 |   0.0
            +---------+---------+-------+---------+---------+-------

Illustrated notes

Table legend:
 A = Kills in this place as a percentage of kills in entire the game.
 B = Kills by you in this place as a percentage of kills by you in the entire game.
 C = Kills by friends in this place as a percentage of kills by friends in the entire game.
 D = Other kills in this place as a percentage of other kills in the entire game.
 E = Experience gained in this place as a percentage of experience gained in the entire game.
 F = Experience gained in this place divided by the number of levels of this place that you have seen.
                   A       B       C       D       E      F
               +-------+-------+-------+-------+-------+----------------------
         Total | 100.0 | 100.0 |   N/A |   N/A | 100.0 |  46.5
       Dungeon | 100.0 | 100.0 |   N/A |   N/A | 100.0 |  46.5
               +-------+-------+-------+-------+-------+----------------------

Table legend: (Time is in decaauts)
 A = Elapsed time spent in this place.
 B = Non-inter-level travel time spent in this place.
 C = Inter-level travel time spent in this place.
 D = Time resting spent in this place.
 E = Time spent auto-exploring this place.
 F = Levels seen in this place.
 G = Mean time per level.
                   A        B        C        D        E       F      G
               +--------+--------+--------+--------+--------+-----+--------+
         Total |   3910 |   3838 |     72 |    537 |   2844 |   4 |  977.5 |
       Dungeon |   3910 |   3838 |     72 |    537 |   2844 |   4 |  977.5 |
               +--------+--------+--------+--------+--------+-----+--------+

Top non-repeatable levels by time:
     D:2: 1920 daAuts
     D:1: 1241 daAuts
     D:3: 743 daAuts
     D:4: 5 daAuts
